 Dungeon Crawl Stone Soup version 0.30.1-4-g462c640d31 (webtiles) character file.

Game seed: 12040023112765499137

38712 towaii the Eclecticist (level 13, -10/54 (57) HPs)
             Began as a Spriggan Summoner on Sept 1, 2023.
             Was a High Priest of Sif Muna.
             Killed from afar by an orc sorcerer (30 damage)
             ... with a bolt of negative energy
             ... on level 15 of the Dungeon on Sept 2, 2023.
             The game lasted 01:45:43 (18745 turns).

towaii the Eclecticist (Spriggan Summoner)         Turns: 18745, Time: 01:45:43

HP:   -10/54 (57)   AC: 14    Str:  4    XL:     13   Next: 65%
MP:   24/36         EV: 19    Int: 21    God:    Sif Muna [*****.]
Gold: 704           SH:  0    Dex: 16    Spells: 7/49 levels left

rFire   . . .        h - +2 spear (flame)
rCold   . . .        (no shield)
rNeg    . . .        S - +2 robe {Will+}
rPois   .            P - +2 hat
rElec   .            (no cloak)
rCorr   .            (gloves unavailable)
SInv    +            (boots unavailable)
Will    +++..        L - amulet of magic regeneration
Stlth   +++          k - +4 ring of protection
HPRegen 0.29/turn    t - +4 ring of protection
MPRegen 0.65/turn

%: no passive effects
@: forested, on blink cooldown, drained, very quick
A: very small, no large weapons, unfitting armour, see invisible, speed 3
a: Renounce Religion, Channel Magic, Forget Spell, Divine Exegesis


You were on level 15 of the Dungeon.
You worshipped Sif Muna.
Sif Muna was extremely pleased with you.
You visited 3 branches of the dungeon, and saw 18 of its levels.

You collected 1528 gold pieces.
You spent 824 gold pieces at shops.

Inventory:

Hand Weapons
 h - a +2 spear of flaming (weapon)
Armour
 P - a +2 hat (worn)
 S - a +2 robe of willpower (worn)
Jewellery
 k - a +4 ring of protection (left hand)
 o - a ring of resist corrosion
 t - a +4 ring of protection (right hand)
 x - a ring of fire
 y - a +5 ring of evasion
 D - a ring of positive energy
 K - a +4 ring of slaying
 L - an amulet of magic regeneration (around neck)
 Z - a ring of magical power
Wands
 m - a wand of mindburst (17)
 q - a wand of flame (29)
 z - a wand of polymorph (3)
 G - a wand of charming (12)
 H - a wand of roots (7)
 M - a wand of digging (8)
 V - a wand of acid (4)
Scrolls
 a - 2 scrolls of enchant armour {unknown}
 c - 14 scrolls of identify
 d - 5 scrolls of vulnerability
 e - a scroll of fog {unknown}
 g - 9 scrolls of teleportation
 i - 4 scrolls of noise
 s - a scroll of amnesia {unknown}
 u - 2 scrolls of immolation {unknown}
 w - 2 scrolls of enchant weapon {unknown}
 E - a scroll of poison {unknown}
 I - 5 scrolls of fear {unknown}
 N - 2 scrolls of silence {unknown}
 O - a scroll of magic mapping {unknown}
 T - a scroll of acquirement {unknown}
 U - a scroll of brand weapon {unknown}
Potions
 b - a potion of magic
 f - 3 potions of curing
 j - 2 potions of mutation {unknown}
 l - 3 potions of haste
 n - 3 potions of brilliance {unknown}
 p - 3 potions of might
 r - a potion of resistance {unknown}
 v - 4 potions of attraction
 A - 2 potions of cancellation {unknown}
 B - 4 potions of heal wounds
 C - 3 potions of berserk rage {unknown}
 F - 2 potions of lignification {unknown}
 J - a potion of invisibility {unknown}
 X - a potion of ambrosia {unknown}
 Y - a potion of flight {unknown}
Miscellaneous
 Q - a box of beasts (quivered)
 R - a piece from Xom's chessboard (15/15)
 W - a lightning rod (4/4)


   Skills:
 + Level 1.4 Fighting
 + Level 2.1 Polearms
 + Level 5.0 Dodging
 + Level 5.1 Stealth
 + Level 18.5 Spellcasting
 + Level 0.3 Conjurations
 + Level 5.4 Hexes
 + Level 11.5 Summonings
 + Level 2.4 Translocations
 + Level 1.7 Transmutations
 + Level 2.5 Ice Magic
 + Level 5.7 Air Magic
 + Level 6.5 Poison Magic
 + Level 0.1 Evocations


You had 7 spell levels left.
You knew the following spells:

 Your Spells              Type           Power      Damage    Failure   Level
a - Summon Small Mammal   Summ           100%       N/A       1%          1
b - Call Imp              Summ           100%       N/A       1%          2
c - Call Canine Familiar  Summ           61%        N/A       1%          3
d - Summon Guardian Gole  Hex/Summ       53%        N/A       1%          3
e - Summon Lightning Spi  Summ/Air       54%        N/A       1%          4
f - Sting                 Tmut/Pois      100%       1d8       1%          1
g - Poisonous Vapours     Pois/Air       90%        N/A       1%          2
h - Freeze                Ice            100%       1d10      1%          1
i - Blink                 Tloc           58%        N/A       1%          2
j - Magic Dart            Conj           80%        1d7       2%          1
k - Olgreb's Toxic Radia  Pois           47%        N/A       1%          4
l - Mephitic Cloud        Conj/Pois/Air  37%        N/A       1%          3
m - Shock                 Conj/Air       100%       1d9       1%          1
n - Summon Forest         Summ/Tloc      24%        N/A       4%          5
o - Summon Ice Beast      Ice/Summ       49%        N/A       1%          4
p - Searing Ray           Conj           40%        2d5       3%          2
q - Ignite Poison         Fire/Tmut/Pois 31%        N/A       2%          3

Your spell library contained the following spells:

 Spells                   Type           Power      Damage    Failure   Level
 Cigotuvi's Dreadful Rot  Necr/Pois/Air  72%        N/A       1%          2
 Lesser Beckoning         Tloc           58%        N/A       1%          2
 Wereblood                Tmut           26%        N/A       1%          2
 Kiss of Death            Conj/Necr      80%        2d11      2%          1
 Momentum Strike          Conj/Tloc      50%        3d9       2%          2
 Passwall                 Tmut/Erth      19%        N/A       2%          2
 Frozen Ramparts          Ice            60%        1d10      3%          3
 Sublimation of Blood     Necr           19%        N/A       4%          2
 Hailstorm                Conj/Ice       25%        3d7       4%          3
 Manifold Assault         Tloc           29%        N/A       10%         4
 Passage of Golubria      Tloc           29%        N/A       10%         4
 Ice Form                 Ice/Tmut       28%        N/A       11%         4
 Alistair's Intoxication  Tmut/Pois      24%        N/A       14%         5
 Summon Hydra             Summ           30%        N/A       21%         7
 Freezing Cloud           Conj/Ice/Air   15%        6-21      22%         5
 Storm Form               Tmut/Air       17%        N/A       99%         7
 Dragon Form              Tmut           13%        N/A       100%        7
 Maxwell's Capacitive Co  Air            21%        ∞         100%        8


Dungeon Overview and Level Annotations

Branches:
Dungeon (15/15)            Temple (1/1) D:5            Lair (0/5) D:10
    Orc (2/2) D:11
    Elf: Orc:2       Vaults: D:13-14     Depths: D:15

Altars:
Ashenzari
Cheibriados
Dithmenos
Fedhas
Gozag
Hepliaklqana
Kikubaaqudgha
Makhleb
Nemelex Xobeh
Okawaru
Qazlal
Ru
Sif Muna
Trog
Uskayaw
Vehumet
Wu Jian
Xom
Yredelemnul
Zin
The Shining One

Shops:
D:1 :   D:4 :   D:5 (   D:8 :   Orc:2 *

Portals:
Trove: D:10 (give 6 potions of haste)
Ice
Cave: D:12

Annotations:
D:5 2 transporters, arthad's ghost, amateur GrFi


Innate Abilities, Weirdness & Mutations

You are very small and have problems with some larger weapons.
You are too small for most types of armour.
You have supernaturally acute eyesight. (SInv)
You cover ground extremely quickly. (Speed+++)


Message History

The orc sorcerer resists.
Casting: Summon Ice Beast (dangerous; 1% risk of failure)
Confirm with . or Enter, or press ? or * to list all spells.
Aiming: Searing Ray (safe; 3% risk of failure)
Press: ? - help, Shift-Dir - straight line, f - orc sorcerer
Aim: an orc sorcerer, wielding a +0 dagger and wearing a +2 robe of fire resistance (steam, heavily wounded, not watching you, ally target, 72% to hit)
The searing ray hits the orc sorcerer.
The orc sorcerer is heavily wounded. (Press . to maintain the ray.) Branches wave dangerously above you.
The orc sorcerer hits you but does no damage.
The searing ray hits the orc sorcerer.
The orc sorcerer is severely wounded.
Your dryad closely misses the orc sorcerer.
The orc sorcerer casts a spell.
Your ice beast hits the orc sorcerer but does no damage.
The searing ray misses the orc sorcerer.
Your dryad splashes around in the water.
The necromancer completely misses you.
The orc sorcerer splashes around in the water.
Your ice beast hits the orc sorcerer but does no damage.
The searing ray hits the orc sorcerer but does no damage.
The orc sorcerer is severely wounded.
You finish channelling your searing ray.
Trunks creak and shift.
Your dryad barely misses the orc sorcerer.
The necromancer hits you with a +0 dagger.
The orc sorcerer hits you with a +0 dagger.
Your ice beast hits the orc sorcerer but does no damage.
Casting: Searing Ray (safe; 3% risk of failure)
Confirm with . or Enter, or press ? or * to list all spells.
You blink.
Your dryad barely misses the orc sorcerer.
The necromancer barely misses your dryad.
The orc sorcerer casts a spell at you.
The bolt of negative energy hits the rust devil.
The rust devil completely resists.
The bolt of negative energy hits you!!
You feel drained.
Ouch! That really hurt!
You die...

.....######♣#'### #.......)♣.♣ #
...........#..p.# ♣.......†♣####
...........#..§R♣###........##...
...........♣~Yo~.........♣..##...
...........♣~≈≈~~..........°...^.
...........♣.≈≈4~.......♣...°....
........####.~.~####.........°...
........# ♣........#♣##...♣♣°...
........####.♣..@...#♣♣#♣#..○....
...........#...#)......# #♣.8°.##
###........#...#.......#.####°.##
...........#####...............##
...........#####...^........8..#.
..............###............B...
....#.........[..............°###
....#..................(.....°#
....#.#####.♣♣###............Yg


You could see a rust devil (summoned), a necromancer, an orc sorcerer (ally
target), a friendly dryad (summoned) and a friendly ice beast (summoned).

Vanquished Creatures
  A death knight (D:15)
  A tengu warrior (D:14)
  4 boulder beetles
  A wizard (D:15)
  A deep elf pyromancer (D:15)
  2 orc knights
  A rime drake (D:10)
  A yak (D:11)
  3 orc warriors
  2 sky beasts (D:7)
  A phantom (D:6)
  A bullfrog (D:8)
  A gnoll sergeant (D:11)
  2 scorpions (D:7)
  4 killer bees
  6 electric eels
  A hound (D:7)
  7 orc priests
  A sleepcap (D:4)
  7 orc wizards
  A gnoll (D:4)
  An adder (D:5)
  A worm (D:2)
  2 dart slugs
  19 orcs
  3 bats (D:1)
  An endoplasm (D:1)
  A giant cockroach (D:2)
  2 hobgoblins
  A jackal (D:2)
  5 kobolds
  4 quokkas
  4 ball pythons
  A frilled lizard (D:2)
  3 goblins (D:1)
  5 rats
102 creatures vanquished.

Vanquished Creatures (collateral kills)
  Jorgrun (D:15)
  3 two-headed ogres
  A boulder beetle (D:15)
  A tengu warrior (D:14)
  5 skeletal warriors (D:15)
  A wizard (D:15)
  An orc knight (Orc:2)
  3 deep elf pyromancers
  A deep elf zephyrmancer (Orc:2)
  2 orc sorcerers
  4 ugly things
  2 cyclopes (D:15)
  2 naga magi (D:15)
  A centaur skeleton (D:15)
  2 gargoyles
  An unseen horror (D:12)
  An efreet (D:14)
  A troll (D:13)
  A meliai (D:14)
  Sigmund (D:4)
  A centaur simulacrum (D:15)
  5 slime creatures (D:14)
  2 shadows
  A spriggan (D:11)
  6 wraiths
  3 yaks
  Eustachio (D:4)
  A basilisk (D:15)
  An acid dragon (D:9)
  A water moccasin (D:8)
  9 orc warriors
  A sky beast (D:8)
  4 ice beasts (D:10)
  A black bear (D:6)
  An ogre (Orc:2)
  6 boggarts (D:14)
  2 centaurs
  2 phantoms
  A kobold brigand (D:8)
  A gnoll sergeant (D:9)
  A scorpion (D:5)
  3 bullfrogs
  7 wights
  A killer bee (D:9)
  3 howler monkeys
  A jelly (D:5)
  5 orc priests
  5 hounds
  A sleepcap (D:6)
  3 iguanas
  Ijyb (D:3)
  17 orc wizards
  7 gnolls
  6 adders
  A nameless horror (D:12)
  2 worms (D:2)
  2 dart slugs (D:1)
  42 orcs
  5 endoplasms
  4 goblins
  5 hobgoblins
  3 jackals (D:2)
  2 quokkas
  6 ball pythons
  A bat (D:2)
  3 frilled lizards
  8 kobolds
  3 rats
233 creatures vanquished.

Vanquished Creatures (others)
  A vault guard (D:14)
  2 hydras (D:14)
  A boulder beetle (D:13)
  A tengu warrior (D:14)
  A manticore (D:14)
  A cyclops (D:13)
  An ugly thing (D:15)
  A freezing wraith (D:15)
  3 trolls
  2 meliai (D:14)
  A slime creature (D:14)
  A centaur simulacrum (D:14)
  A basilisk (D:15)
  A wraith (D:15)
  4 yaks
  A vampire mosquito (D:14)
  Duvessa (D:4)
  2 acid dragons (D:9)
  8 orc warriors
  An ice beast (D:10)
  A black bear (D:4)
  2 wolves (D:10)
  A centaur (D:7)
  3 wights (D:8)
  Dowan (D:4)
  6 killer bees
  An orc priest (D:7)
  5 gnolls
  3 orcs
58 creatures vanquished.

Grand Total: 393 creatures vanquished

Notes
Turn   | Place    | Note
-------+----------+-------------------------------------------
     0 | D:1      | towaii the Spriggan Summoner began the quest for the Orb.
     0 | D:1      | Reached XP level 1. HP: 9/9 MP: 5/5
   324 | D:1      | Reached XP level 2. HP: 13/13 MP: 6/6
   330 | D:1      | Found Duovicip's Book Emporium.
   357 | D:1      | Reached skill level 3 in Spellcasting
   729 | D:1      | Reached XP level 3. HP: 16/16 MP: 7/9
   929 | D:2      | Learned a level 2 spell: Call Imp
   933 | D:2      | Learned a level 3 spell: Call Canine Familiar
   977 | D:2      | You fall into a shaft and drop 2 floors!
  1009 | D:4      | Found Ucox's Self-Improvement Boutique.
  1081 | D:4      | Reached skill level 4 in Spellcasting
  1131 | D:4      | Reached XP level 4. HP: 21/21 MP: 6/11
  1562 | D:4      | Noticed Sigmund
  1568 | D:5      | Entered Level 5 of the Dungeon
  1568 | D:5      | Noticed a scorpion
  1580 | D:5      | Killed a scorpion
  1581 | D:5      | Reached XP level 5. HP: 25/25 MP: 2/12
  1585 | D:5      | Learned a level 3 spell: Summon Guardian Golem
  1585 | D:5      | Noticed a phantom
  1618 | D:5      | Killed a phantom
  1619 | D:5      | Reached skill level 1 in Polearms
  1619 | D:5      | Reached skill level 5 in Spellcasting
  1713 | D:5      | Found a staircase to the Ecumenical Temple.
  1729 | Temple   | Entered the Ecumenical Temple
  1850 | Temple   | Became a worshipper of Sif Muna the Loreminder
  1934 | D:5      | Found a transporter.
  1948 | D:5      | Found Bixeicra's Antique Weapon Shoppe.
  2024 | D:4      | Found a blossoming altar of Fedhas.
  2024 | D:4      | Found a sacrificial altar of Ru.
  2050 | D:3      | Reached XP level 6. HP: 29/29 MP: 6/14
  2472 | D:2      | Found a faded altar of an unknown god.
  3072 | D:2      | Reached * piety under Sif Muna
  3804 | D:4      | Reached skill level 5 in Summonings
  3809 | D:4      | Noticed Ijyb
  3810 | D:4      | Noticed Eustachio
  3885 | D:3      | Killed Ijyb
  3886 | D:3      | Reached skill level 6 in Spellcasting
  4177 | D:4      | Noticed Duvessa
  4184 | D:4      | Noticed Dowan
  4209 | D:4      | Killed Duvessa
  4210 | D:4      | Reached XP level 7. HP: 32/32 MP: 5/17
  4656 | D:4      | Killed Dowan
  4657 | D:4      | Reached skill level 7 in Spellcasting
  4676 | D:4      | Killed Eustachio
  4677 | D:4      | Reached skill level 1 in Hexes
  4815 | D:4      | Killed Sigmund
  4816 | D:4      | Reached skill level 8 in Spellcasting
  4816 | D:4      | Reached XP level 8. HP: 37/37 MP: 6/21
  4927 | D:4      | Learned a level 4 spell: Summon Lightning Spire
  5086 | D:5      | Found a transporter.
  5115 | D:5      | Noticed arthad's ghost (amateur GrFi)
  5275 | D:5      | Learned a level 1 spell: Sting
  5278 | D:5      | Learned a level 2 spell: Poisonous Vapours
  6129 | D:6      | Found a burning altar of Makhleb.
  6174 | D:6      | Reached ** piety under Sif Muna
  6566 | D:6      | Reached skill level 1 in Poison Magic
  6667 | D:6      | Reached skill level 9 in Spellcasting
  7009 | D:7      | Reached skill level 5 in Stealth
  7009 | D:7      | Reached skill level 1 in Transmutations
  7439 | D:7      | Reached skill level 10 in Spellcasting
  7439 | D:7      | Reached XP level 9. HP: 40/40 MP: 16/24
  7611 | D:7      | Learned a level 1 spell: Freeze
  7698 | D:7      | Reached skill level 1 in Air Magic
  8400 | D:7      | Reached skill level 11 in Spellcasting
  8648 | D:8      | Reached *** piety under Sif Muna
  9101 | D:8      | Reached XP level 10. HP: 27/44 MP: 17/26
  9166 | D:8      | Found Onoidder's Book Shop.
  9231 | D:8      | Reached skill level 12 in Spellcasting
 10171 | D:9      | Noticed a purple ugly thing
 10277 | D:8      | Identified the +3 ring mail of Day {rPois rF+ Dex+3}
 10285 | D:8      | Killed a purple ugly thing
 10286 | D:8      | Reached skill level 1 in Fighting
 10408 | D:9      | Reached **** piety under Sif Muna
 10642 | D:9      | Noticed a boulder beetle
 10676 | D:9      | Killed a boulder beetle
 10762 | D:9      | Reached skill level 13 in Spellcasting
 11115 | D:10     | Entered Level 10 of the Dungeon
 11287 | D:10     | HP: 2/45 [acid dragon/splash of acid (22)]
 11690 | D:10     | Found a portal to a secret trove of treasure.
 12000 | D:10     | Reached XP level 11. HP: 49/49 MP: 27/29
 12128 | D:10     | Noticed a boulder beetle
 12145 | D:10     | Killed a boulder beetle
 12146 | D:10     | Reached skill level 14 in Spellcasting
 12163 | D:10     | Found a staircase to the Lair.
 12188 | D:10     | Found a snail-covered altar of Cheibriados.
 12805 | D:1      | Bought a book of Spatial Translocations for 216 gold pieces
 12805 | D:1      | Bought a book of Minor Magic for 216 gold pieces
 12808 | D:1      | Learned a level 2 spell: Blink
 12810 | D:1      | Learned a level 1 spell: Magic Dart
 12815 | D:1      | Learned a level 4 spell: Olgreb's Toxic Radiance
 12819 | D:1      | Learned a level 3 spell: Mephitic Cloud
 13596 | D:11     | Noticed a two-headed ogre
 13633 | D:11     | Killed a two-headed ogre
 13634 | D:11     | Reached skill level 5 in Poison Magic
 13711 | D:11     | Noticed a two-headed ogre
 13743 | D:11     | Killed a two-headed ogre
 13843 | D:11     | Reached ***** piety under Sif Muna
 13843 | D:11     | Received a gift from Sif Muna
 13844 | D:11     | Got Sif Muna's Atlas of Injurious Portals {god gift}
 13847 | D:11     | Learned a level 1 spell: Shock
 13853 | D:11     | Learned a level 5 spell: Summon Forest
 13908 | D:11     | Found a staircase to the Orcish Mines.
 14017 | Orc:1    | Entered Level 1 of the Orcish Mines
 14030 | Orc:1    | Noticed a boulder beetle
 14046 | Orc:1    | Killed a boulder beetle
 14047 | Orc:1    | Reached skill level 15 in Spellcasting
 14057 | Orc:1    | Noticed an orc sorcerer
 14070 | Orc:1    | Killed an orc sorcerer
 14076 | Orc:1    | Noticed an orc knight
 14173 | Orc:1    | Killed an orc knight
 14530 | Orc:2    | Entered Level 2 of the Orcish Mines
 14741 | Orc:2    | Found Gecurun's General Store.
 14755 | Orc:2    | Bought a book of Rime for 392 gold pieces
 14760 | Orc:2    | Learned a level 4 spell: Summon Ice Beast
 14835 | Orc:2    | Noticed an orc knight
 14848 | Orc:2    | Killed an orc knight
 14853 | Orc:2    | Noticed an orc sorcerer
 14856 | Orc:2    | Noticed an orc warlord
 14858 | Orc:2    | Noticed a deep elf zephyrmancer
 14914 | Orc:2    | Killed an orc sorcerer
 14923 | Orc:2    | Killed a deep elf zephyrmancer
 14924 | Orc:2    | Reached XP level 12. HP: 53/53 MP: 21/32
 15345 | D:12     | Reached skill level 1 in Translocations
 15641 | D:12     | Found a frozen archway.
 16047 | D:13     | Noticed a boulder beetle
 16063 | D:13     | Killed a boulder beetle
 16064 | D:13     | Reached skill level 16 in Spellcasting
 16432 | D:13     | Noticed a two-headed ogre
 16458 | D:13     | Killed a two-headed ogre
 16459 | D:13     | Reached skill level 1 in Ice Magic
 16717 | D:14     | Reached skill level 10 in Summonings
 16806 | D:14     | Reached skill level 5 in Dodging
 17087 | D:14     | Noticed an eight-headed hydra
 17182 | D:14     | Noticed an eight-headed hydra
 17187 | D:14     | Killed an eight-headed hydra
 17188 | D:14     | Reached skill level 17 in Spellcasting
 17252 | D:14     | Received a gift from Sif Muna
 17253 | D:14     | Got Sif Muna's Vademecum on the Shapeshifter and Trauma
                  | {god gift}
 17389 | D:14     | Learned a level 2 spell: Searing Ray
 17396 | D:14     | Noticed a tengu warrior
 17397 | D:14     | Noticed a seven-headed hydra
 17397 | D:14     | Noticed a boulder beetle
 17397 | D:14     | Noticed a tengu warrior
 17409 | D:14     | Killed a tengu warrior
 17459 | D:14     | Killed a tengu warrior
 17460 | D:14     | Reached skill level 5 in Air Magic
 17542 | D:14     | Killed a seven-headed hydra
 17543 | D:14     | Reached skill level 5 in Hexes
 17572 | D:14     | Noticed a vault guard
 17581 | D:14     | Killed a vault guard
 17592 | D:14     | Reached XP level 13. HP: 57/57 MP: 28/35
 17662 | D:15     | Entered Level 15 of the Dungeon
 17984 | D:15     | Noticed Jorgrun
 18231 | D:15     | Killed Jorgrun
 18296 | D:15     | Reached skill level 18 in Spellcasting
 18596 | D:15     | Learned a level 3 spell: Ignite Poison
 18633 | D:15     | Found a snail-covered altar of Cheibriados.
 18745 | D:15     | Killed from afar by an orc sorcerer

Illustrated notes

Levels and vault maps discovered:
D:1:      dpeg_arrival_shrine, layout_basic, serial_shops, shop, serial_glass,
          glass_columns_a, glass_columns_c, glass_columns_a, glass_columns_a,
          glass_columns_c, glass_columns_a, glass_columns_b, glass_columns_a,
          glass_columns_a, glass_columns_a, minmay_misc_feat_five
D:2:      wad_lake_hut, layout_basic, chequers_ecumenical_altar_simple_redux,
          grunt_ministairs_11
D:3:      layout_basic, kennysheep_generic_room_16
D:4:      layout_cave_pods, grunt_temple_overflow_open, nicolae_shop_self_help,
          uniq_sigmund, uniq_duvessa, uniq_eustachio, uniq_ijyb
D:5:      layout_loops_ring, minmay_temple_entry_drinking_statues,
          gup_sewer_entry_bowl, gammafunk_ghost_stat_death,
          nicolae_stop_n_shop_1, serial_bayou_lagoon_a
D:6:      kennysheep_big_flooded_room, layout_rooms,
          mainiacjoe_overflow_surrounded_room
D:7:      layout_basic, corexii_corridor_pit
D:8:      layout_basic, serial_shops, nicolae_shop_window_shopping
D:9:      layout_loops_ring
D:10:     layout_basic, kennysheep_mini, nicolae_elyvilon_temple_path,
          hellmonk_lair_entry_icy, enter_trove_2, minivault_14
D:11:     layout_loops_ring, hiddenorc1_lemuel, the_hattery
D:12:     layout_gridville, portal_ice_cave_entry_pillars_2,
          nicolae_figureground_sparkle
D:13:     layout_layer_cave
D:14:     layout_rooms, david_vaults_5, infiniplex_staircase_spiral
D:15:     grunt_enter_depths_magical_seal, layout_basic, minivault_23,
          cheibrodos_worm_habitat, uniq_jorgrun
Temple:   minmay_temple_bridge_d
Orc:1:    layout_diamond_mine, rock_pile
Orc:2:    grunt_orc_cross, layout_caves, serial_shops, shop, elf_legates

Skill      XL: |  1  2  3  4  5  6  7  8  9 10 11 12 13 |
---------------+----------------------------------------+-----
Spellcasting   | 3 4 5 6 8 10 11 13 15 17 18 | 18.5
Summonings     | 4 5 6 7 8 9 10 11 | 11.5
Polearms       | 1 2 |  2.1
Dodging        | 3 4 5 |  5.0
Stealth        | 4 5 |  5.1
Hexes          | 1 2 3 4 5 |  5.4
Poison Magic   | 2 3 4 5 6 |  6.5
Transmutations | 1 |  1.7
Air Magic      | 2 3 4 5 |  5.7
Fighting       | 1 |  1.4
Translocations | 1 2 |  2.4
Ice Magic      | 1 2 |  2.5
Conjurations   | |  0.3
Evocations     | |  0.1

Action                     |  1- 3 |  4- 6 |  7- 9 | 10-12 | 13-15 || total
---------------------------+-------+-------+-------+-------+-------++-------
  Melee: Unarmed           |     7 |       |       |       |       ||     7
         Spear             |    51 |    60 |    59 |    32 |       ||   202
         Punch             |       |     1 |     1 |     1 |       ||     3
   Cast: Summon Small Mamm |    33 |    10 |     4 |     2 |       ||    49
         Call Imp          |     3 |    22 |    36 |    51 |    12 ||   124
         Call Canine Famil |       |    19 |    39 |    64 |    14 ||   136
         Summon Guardian G |       |     5 |    26 |    57 |    10 ||    98
         Poisonous Vapours |       |       |    54 |   107 |    22 ||   183
         Sting             |       |       |    17 |     7 |     1 ||    25
         Summon Lightning  |       |       |     2 |    20 |    10 ||    32
         Freeze            |       |       |     1 |     2 |       ||     3
         Shock             |       |       |       |     9 |     1 ||    10
         Olgreb's Toxic Ra |       |       |       |     6 |     1 ||     7
         Mephitic Cloud    |       |       |       |     5 |     2 ||     7
         Summon Ice Beast  |       |       |       |    27 |    22 ||    49
         Blink             |       |       |       |     2 |     1 ||     3
         Summon Forest     |       |       |       |     2 |     7 ||     9
         Ignite Poison     |       |       |       |       |     3 ||     3
         Searing Ray       |       |       |       |       |     2 ||     2
  Evoke: Box of beasts     |       |       |       |     1 |       ||     1
    Use: Scroll            |       |       |       |     8 |       ||     8
         Potion            |       |       |       |     1 |     3 ||     4
   Stab: Sleeping          |     3 |     1 |       |       |       ||     4
         Distracted        |       |     2 |     3 |       |       ||     5
 Armour: Robe              |     9 |    18 |    12 |    20 |     3 ||    62
  Dodge: Dodged            |    31 |    36 |    69 |    89 |     6 ||   231
